TOP OF THE 1ST |
Beech Mountain Mountaineers batting - Pitching for Nevada Noise : RHP Don Wiggins
|
Pitching: RHP Don Wiggins
|
|
Batting: SHB Félix Montoya
|
0-0: Ball 1-0: Called Strike 1-1: Called Strike 1-2: Ball 2-2: Strikes out swinging
|
Batting: SHB Miguel González
|
0-0: Called Strike 0-1: Foul Ball, location: 2F 0-2: Ball 1-2: Foul Ball, location: 2F 1-2: Fly out, F8 (Flyball, 8LS)
|
Batting: SHB Juan Castro
|
0-0: Fly out, F7 (Flyball, 7LSF)
|
Top of the 1st over - 0 run(s), 0 hit(s), 0 error(s), 0 left on base; Beech Mountain 0 - Nevada 0 |
BOTTOM OF THE 1ST |
Nevada Noise batting - Pitching for Beech Mountain Mountaineers : RHP Tim Hill
|
Pitching: RHP Tim Hill
|
|
Batting: RHB Max Jones
|
0-0: Bunted foul 0-1: Ball 1-1: Ball 2-1: SOLO HOME RUN (Flyball, 78XD), Distance : 408 ft
|
Batting: LHB Stanley Mullins
|
0-0: Ball 1-0: Ball 2-0: Ball 3-0: Base on Balls
|
Batting: SHB Julián Madrid
|
0-0: Ball 1-0: Foul Ball, location: 2F 1-1: Foul Ball, location: 2F 1-2: Fly out, F8 (Flyball, 8LM)
|
Batting: LHB Willie Wallace
|
0-0: Called Strike 0-1: Ball 1-1: Ball 2-1: Foul Ball, location: 2F 2-2: SINGLE (Groundball, 4MD) Stanley Mullins to second
|
Batting: LHB Milton Watson
|
0-0: Swinging Strike 0-1: Foul Ball, location: 2F 0-2: Ball 1-2: Foul Ball, location: 2F 1-2: Foul Ball, location: 2F 1-2: Ball 2-2: Ball 3-2: Ground out 4-3 (Groundball, 34) Stanley Mullins to third Willie Wallace to second
|
Batting: RHB Fernando Gálvez
|
0-0: Ground out 4-3 (Groundball, 34)
|
Bottom of the 1st over - 1 run(s), 2 hit(s), 0 error(s), 2 left on base; Beech Mountain 0 - Nevada 1 |
TOP OF THE 2ND |
Beech Mountain Mountaineers batting - Pitching for Nevada Noise : RHP Don Wiggins
|
Batting: LHB Robert Phillips
|
0-0: Called Strike 0-1: Foul Ball, location: 2F 0-2: Ground out U3 (Groundball, 3L)
|
Batting: RHB R.J. Parker
|
0-0: Called Strike 0-1: Fly out, F4 (Line Drive, 4M)
|
Batting: RHB John Anderson
|
0-0: Swinging Strike 0-1: Ball 1-1: Ball 2-1: Foul Ball, location: 2F 2-2: SINGLE (Line Drive, 4D)
|
Batting: LHB Pedro Gonzáles
|
0-0: Called Strike 0-1: Ball 1-1: Ball 2-1: Ball 3-1: Fielders Choice at 2nd, 4-6 (Groundball, 4)
|
Top of the 2nd over - 0 run(s), 1 hit(s), 0 error(s), 0 left on base; Beech Mountain 0 - Nevada 1 |
BOTTOM OF THE 2ND |
Nevada Noise batting - Pitching for Beech Mountain Mountaineers : RHP Tim Hill
|
Batting: RHB Rich Ruffin
|
0-0: Called Strike 0-1: DOUBLE (Flyball, 8RXD)
|
Batting: RHB Fernando Martínez
|
0-0: Foul Ball, location: 2F 0-1: Fly out, F9 (Flyball, 9S)
|
Batting: RHB Pepe González
|
0-0: Ball 1-0: Called Strike 1-1: Ground out 5-3 (Groundball, 56S) Rich Ruffin to third
|
Batting: RHB Max Jones
|
0-0: Foul Ball, location: 2F 0-1: Foul Ball, location: 2F 0-2: Ball 1-2: SINGLE (Groundball, 6MD) Rich Ruffin scores
|
Batting: LHB Stanley Mullins
|
0-0: Ball 1-0: Ball 2-0: Called Strike Max Jones steals 2nd base 2-1: Reached on error, E4 (Groundball, 4) Max Jones to third
|
Batting: SHB Julián Madrid
|
0-0: Ball 1-0: Foul Ball, location: 2F 1-1: Ball 2-1: Called Strike 2-2: Ball 3-2: Base on Balls Stanley Mullins to second
|
Batting: LHB Willie Wallace
|
0-0: Foul Ball, location: 2F 0-1: Ball 1-1: Fly out, F9 (Flyball, 89S)
|
Bottom of the 2nd over - 1 run(s), 2 hit(s), 1 error(s), 3 left on base; Beech Mountain 0 - Nevada 2 |
TOP OF THE 3RD |
Beech Mountain Mountaineers batting - Pitching for Nevada Noise : RHP Don Wiggins
|
Batting: LHB Tommy Payne
|
0-0: Ball 1-0: Ball 2-0: Called Strike 2-1: Ball 3-1: Called Strike 3-2: Ground out U3 (Groundball, 3)
|
Batting: RHB Ron Glass
|
0-0: Swinging Strike 0-1: Foul Ball, location: 2F 0-2: Strikes out looking
|
Batting: SHB Félix Montoya
|
0-0: Called Strike 0-1: Called Strike 0-2: Ball 1-2: Foul Ball, location: 2F 1-2: Foul Ball, location: 2F 1-2: Foul Ball, location: 2F 1-2: Foul Ball, location: 2F 1-2: SINGLE (Line Drive, 6D)
|
Batting: SHB Miguel González
|
0-0: Foul Ball, location: 2F 0-1: Ball 1-1: Swinging Strike 1-2: Fly out, F6 (Popup, 5D)
|
Top of the 3rd over - 0 run(s), 1 hit(s), 0 error(s), 1 left on base; Beech Mountain 0 - Nevada 2 |
BOTTOM OF THE 3RD |
Nevada Noise batting - Pitching for Beech Mountain Mountaineers : RHP Tim Hill
|
Batting: LHB Milton Watson
|
0-0: Fly out, F7 (Flyball, 78S)
|
Batting: RHB Fernando Gálvez
|
0-0: Ball 1-0: Foul Ball, location: 2F 1-1: Fly out, F6 (Line Drive, 56)
|
Batting: RHB Rich Ruffin
|
0-0: Swinging Strike 0-1: Foul Ball, location: 2F 0-2: Strikes out looking
|
Bottom of the 3rd over - 0 run(s), 0 hit(s), 0 error(s), 0 left on base; Beech Mountain 0 - Nevada 2 |
TOP OF THE 4TH |
Beech Mountain Mountaineers batting - Pitching for Nevada Noise : RHP Don Wiggins
|
Batting: SHB Juan Castro
|
0-0: Ball 1-0: Called Strike 1-1: Called Strike 1-2: SINGLE (Line Drive, 89S)
|
Batting: LHB Robert Phillips
|
0-0: Ball 1-0: Grounds into double play, 4-6-3 (Groundball, 34)
|
Batting: RHB R.J. Parker
|
0-0: Ball 1-0: Fly out, F8 (Flyball, 89XD)
|
Top of the 4th over - 0 run(s), 1 hit(s), 0 error(s), 0 left on base; Beech Mountain 0 - Nevada 2 |
BOTTOM OF THE 4TH |
Nevada Noise batting - Pitching for Beech Mountain Mountaineers : RHP Tim Hill
|
Batting: RHB Fernando Martínez
|
0-0: Called Strike 0-1: SINGLE (Groundball, 56D)
|
Batting: RHB Pepe González
|
0-0: Ball 1-0: Ball 2-0: Ball 3-0: Base on Balls Fernando Martínez to second
|
Batting: RHB Max Jones
|
0-0: Ball 1-0: Called Strike 1-1: Foul Ball, location: 2F 1-2: Grounds into double play, 6-4-3 (Groundball, 6) Fernando Martínez to third
|
Batting: LHB Stanley Mullins
|
0-0: Foul Ball, location: 2F 0-1: Ground out 4-3 (Groundball, 4)
|
Bottom of the 4th over - 0 run(s), 1 hit(s), 0 error(s), 1 left on base; Beech Mountain 0 - Nevada 2 |
TOP OF THE 5TH |
Beech Mountain Mountaineers batting - Pitching for Nevada Noise : RHP Don Wiggins
|
Batting: RHB John Anderson
|
0-0: Ball 1-0: Ball 2-0: Ball 3-0: Base on Balls
|
Batting: LHB Pedro Gonzáles
|
0-0: Ball 1-0: Fly out, F7 (Line Drive, 7S)
|
Batting: LHB Tommy Payne
|
0-0: Swinging Strike 0-1: Ball 1-1: Swinging Strike 1-2: Ball 2-2: Ground out U3 (Groundball, 3) John Anderson to second
|
Batting: RHB Ron Glass
|
0-0: Ball 1-0: Ground out 6-3 (Groundball, 6)
|
Top of the 5th over - 0 run(s), 0 hit(s), 0 error(s), 1 left on base; Beech Mountain 0 - Nevada 2 |
BOTTOM OF THE 5TH |
Nevada Noise batting - Pitching for Beech Mountain Mountaineers : RHP Tim Hill
|
Batting: SHB Julián Madrid
|
0-0: Ball 1-0: Called Strike 1-1: Fly out, F5 (Popup, 5)
|
Batting: LHB Willie Wallace
|
0-0: Ball 1-0: Ball 2-0: Foul Ball, location: 2F 2-1: Foul Ball, location: 2F 2-2: SINGLE (Line Drive, 89S)
|
Batting: LHB Milton Watson
|
0-0: Ball 1-0: Called Strike 1-1: Fly out, F7 (Flyball, 7S)
|
Batting: RHB Fernando Gálvez
|
0-0: Called Strike 0-1: Ball 1-1: Called Strike 1-2: Foul Ball, location: 2F 1-2: SINGLE (Popup, 56D) Willie Wallace to second
|
Batting: RHB Rich Ruffin
|
0-0: Ball 1-0: Swinging Strike 1-1: Foul Ball, location: 2F 1-2: SINGLE (Line Drive, 6D) Willie Wallace to third Fernando Gálvez to second
|
Batting: RHB Fernando Martínez
|
0-0: Fly out, F8 (Flyball, 8LM)
|
Bottom of the 5th over - 0 run(s), 3 hit(s), 0 error(s), 3 left on base; Beech Mountain 0 - Nevada 2 |
TOP OF THE 6TH |
Beech Mountain Mountaineers batting - Pitching for Nevada Noise : RHP Don Wiggins
|
Batting: SHB Félix Montoya
|
0-0: Called Strike 0-1: Fly out, F7 (Flyball, 7S)
|
Batting: SHB Miguel González
|
0-0: Ball 1-0: Ball 2-0: Ground out 1-3 (Groundball, 13)
|
Batting: SHB Juan Castro
|
0-0: Foul Ball, location: 2F 0-1: Ball 1-1: Foul Ball, location: 2F 1-2: Fly out, F4 (Line Drive, 34)
|
Top of the 6th over - 0 run(s), 0 hit(s), 0 error(s), 0 left on base; Beech Mountain 0 - Nevada 2 |
BOTTOM OF THE 6TH |
Nevada Noise batting - Pitching for Beech Mountain Mountaineers : RHP Tim Hill
|
Pitching: RHP Rodrigo Aguilar
|
|
Batting: RHB Pepe González
|
0-0: Ball 1-0: Ball 2-0: Foul Ball, location: 2F 2-1: Swinging Strike 2-2: Strikes out swinging
|
Batting: RHB Max Jones
|
0-0: Called Strike 0-1: Ball 1-1: SINGLE (Groundball, 56D)
|
Batting: LHB Stanley Mullins
|
0-0: Foul Ball, location: 2F 0-1: Ball 1-1: Ground out U3 (Groundball, 3) Max Jones to second
|
Batting: SHB Julián Madrid
|
0-0: Ball 1-0: Ground out 1-3 (Groundball, 13)
|
Bottom of the 6th over - 0 run(s), 1 hit(s), 0 error(s), 1 left on base; Beech Mountain 0 - Nevada 2 |
TOP OF THE 7TH |
Beech Mountain Mountaineers batting - Pitching for Nevada Noise : RHP Don Wiggins
|
Batting: LHB Robert Phillips
|
0-0: Ball 1-0: Ground out 4-3 (Groundball, 34D)
|
Batting: RHB R.J. Parker
|
0-0: Ball 1-0: Foul Ball, location: 2F 1-1: Ground out U3 (Groundball, 34)
|
Batting: RHB John Anderson
|
0-0: Ball 1-0: Fly out, F9 (Flyball, 9LS)
|
Top of the 7th over - 0 run(s), 0 hit(s), 0 error(s), 0 left on base; Beech Mountain 0 - Nevada 2 |
BOTTOM OF THE 7TH |
Nevada Noise batting - Pitching for Beech Mountain Mountaineers : RHP Rodrigo Aguilar
|
Batting: LHB Willie Wallace
|
0-0: Ground out U3 (Groundball, 3)
|
Batting: LHB Milton Watson
|
0-0: Ball 1-0: Ball 2-0: Ball 3-0: Called Strike 3-1: Base on Balls
|
Batting: RHB Fernando Gálvez
|
0-0: Ball 1-0: Called Strike 1-1: Swinging Strike 1-2: Foul Ball, location: 2F 1-2: Ball 2-2: Ball 3-2: Foul Ball, location: 2F 3-2: DOUBLE (Flyball, 78XD) Milton Watson to third Runner from 3rd tries for Home, SAFE, throw made home
|
Batting: RHB Rich Ruffin
|
0-0: Intentional Walk
|
Batting: RHB Fernando Martínez
|
0-0: Grounds into double play, 5-4-3 (Groundball, 56)
|
Bottom of the 7th over - 1 run(s), 1 hit(s), 0 error(s), 1 left on base; Beech Mountain 0 - Nevada 3 |
TOP OF THE 8TH |
Beech Mountain Mountaineers batting - Pitching for Nevada Noise : RHP Don Wiggins
|
Batting: LHB Pedro Gonzáles
|
0-0: Called Strike 0-1: Ball 1-1: Ground out U3 (Groundball, 3)
|
Batting: LHB Tommy Payne
|
0-0: Ball 1-0: Ball 2-0: Ball 3-0: Called Strike 3-1: Swinging Strike 3-2: Strikes out looking
|
Batting: RHB Ron Glass
|
0-0: Swinging Strike 0-1: Foul Ball, location: 2F 0-2: Ball 1-2: Fly out, F8 (Flyball, 89M)
|
Top of the 8th over - 0 run(s), 0 hit(s), 0 error(s), 0 left on base; Beech Mountain 0 - Nevada 3 |
BOTTOM OF THE 8TH |
Nevada Noise batting - Pitching for Beech Mountain Mountaineers : RHP Rodrigo Aguilar
|
Pitching: RHP Matthew Scott
|
|
Batting: RHB Pepe González
|
0-0: Foul Ball, location: 2F 0-1: Ball 1-1: Foul Ball, location: 2F 1-2: Ball 2-2: Ball 3-2: Foul Ball, location: 2F 3-2: DOUBLE (Groundball, 5L)
|
Batting: RHB Max Jones
|
0-0: Foul Ball, location: 2F 0-1: Ball 1-1: Ball 2-1: Fly out, F9 (Flyball, 9LS)
|
Batting: LHB Stanley Mullins
|
0-0: Called Strike 0-1: Hit by Pitch
|
Batting: SHB Julián Madrid
|
0-0: Ball 1-0: Called Strike 1-1: Swinging Strike 1-2: Ball 2-2: Fly out, F8 (Flyball, 8LM)
|
Batting: LHB Willie Wallace
|
0-0: Swinging Strike 0-1: Called Strike 0-2: Ball 1-2: Ball 2-2: Ball 3-2: Ground out U3 (Groundball, 3)
|
Bottom of the 8th over - 0 run(s), 1 hit(s), 0 error(s), 2 left on base; Beech Mountain 0 - Nevada 3 |
TOP OF THE 9TH |
Beech Mountain Mountaineers batting - Pitching for Nevada Noise : RHP Don Wiggins
|
Pitching: RHP Jorge Pérez
|
|
Batting: SHB Félix Montoya
|
0-0: Ball 1-0: Called Strike 1-1: Swinging Strike 1-2: Ball 2-2: Ball 3-2: SINGLE (Groundball, 34) (infield hit)
|
Batting: SHB Miguel González
|
0-0: Ball 1-0: Ground out 4-3 (Groundball, 34) Félix Montoya to second
|
Batting: SHB Juan Castro
|
0-0: Ball 1-0: Called Strike 1-1: Called Strike 1-2: Ball 2-2: Ball 3-2: Foul Ball, location: 2F 3-2: DOUBLE (Line Drive, 7D) Félix Montoya scores
|
Batting: LHB Robert Phillips
|
0-0: Ball 1-0: Ball 2-0: Ball 3-0: Base on Balls
|
Batting: RHB R.J. Parker
|
0-0: Foul Ball, location: 2F 0-1: Foul Ball, location: 2F 0-2: Strikes out swinging
|
Batting: RHB John Anderson
|
0-0: Ball 1-0: Called Strike 1-1: Foul Ball, location: 2F 1-2: Ball 2-2: Foul Ball, location: 2F 2-2: Fielders Choice at 2nd, 4-6 (Groundball, 4)
|
Top of the 9th over - 1 run(s), 2 hit(s), 0 error(s), 1 left on base; Beech Mountain 1 - Nevada 3 |
|